[ AOE2 MATCH · #471444116 ]
UnrankedItalians vs Mongols
[ REPLAY ANALYSIS · EXTRACTED FROM THE RECORDED GAME ]
Feudal
18:23
Castle
24:26
Imperial
38:03
| APM avg | 29.8 |
| APM peak | 106 |
| eAPM avg | 19.6 |
| Villagers / military | 159 / 480 |
Focus
⚔️ 53.8% · 🌾 46.2%
Genoese Crossbowman ×324 · Scout Cavalry ×137 · Trade Cart ×20 · Bombard Cannon ×18 · Monk ×1
Feudal
11:51
Castle
22:57
Imperial
33:46
| APM avg | 19.9 |
| APM peak | 87 |
| eAPM avg | 11.0 |
| Villagers / military | 79 / 285 |
Focus
⚔️ 30.9% · 🌾 69.1%
Spearman ×188 · Conquistador ×66 · Militia ×25 · Trade Cart ×4 · Trebuchet (Packed) ×3 · Demolition Raft ×2
Feudal
16:10
Castle
27:33
Imperial
39:24
| APM avg | 26.2 |
| APM peak | 133 |
| eAPM avg | 15.9 |
| Villagers / military | 130 / 309 |
Focus
⚔️ 48.9% · 🌾 51.1%
Skirmisher ×164 · Mangudai ×93 · Mangonel ×47 · Unknown (1260) ×31 · Trebuchet (Packed) ×3 · Monk ×2
Feudal
13:26
Castle
21:14
Imperial
31:37
| APM avg | 17.9 |
| APM peak | 71 |
| eAPM avg | 11.2 |
| Villagers / military | 81 / 34 |
Focus
⚔️ 47.4% · 🌾 52.6%
Unknown (1944) ×183 · Scout Cavalry ×33 · Trade Cart ×28 · Unknown (1949) ×11 · Unknown (1942) ×10 · Fishing Ship ×5
Feudal
—
Castle
—
Imperial
—
| APM avg | 14.4 |
| APM peak | 102 |
| eAPM avg | 9.5 |
| Villagers / military | 74 / 129 |
Focus
⚔️ 43.6% · 🌾 56.4%
Battle Elephant ×43 · Urumi Swordsman ×41 · Elephant Archer ×36 · Trade Cart ×16 · Fishing Ship ×6 · Trebuchet (Packed) ×5
Feudal
13:52
Castle
23:37
Imperial
40:50
| APM avg | 26.4 |
| APM peak | 61 |
| eAPM avg | 16.0 |
| Villagers / military | 103 / 275 |
Focus
⚔️ 46.4% · 🌾 53.6%
Spearman ×147 · Militia ×56 · Teutonic Knight ×42 · Bombard Cannon ×20 · Mangonel ×4 · Fishing Ship ×4
Feudal
11:26
Castle
23:39
Imperial
50:34
| APM avg | 17.4 |
| APM peak | 58 |
| eAPM avg | 9.5 |
| Villagers / military | 109 / 168 |
Focus
⚔️ 44.5% · 🌾 55.5%
Monaspa ×99 · Knight ×41 · Mangonel ×18 · Trade Cart ×11 · Spearman ×5 · Battering Ram ×3
Feudal
14:18
Castle
32:13
Imperial
43:16
| APM avg | 13.4 |
| APM peak | 98 |
| eAPM avg | 11.2 |
| Villagers / military | 87 / 277 |
Focus
⚔️ 57.4% · 🌾 42.6%
Spearman ×204 · Kipchak ×36 · Mangonel ×25 · Unknown (1260) ×16 · Scorpion ×6 · Trebuchet (Packed) ×5
Match map
Initial resources + every placement click. Lines = walls · curves = elevation contours. ◆ gold · ⬟ stone · ● berries · ✦ relic · ◌ wall gap
Your base· ✓ Closed at 24:26 · 44t walls · no gate
Bleed's base· ✓ Closed at 22:57 · 0t walls · no gate
KOSOVAR's base· ✓ Closed at 27:33 · 56t walls · no gate
我的最爱叫婷婷's base· ✓ Closed at 21:14 · 0t walls · no gate
Fake Chimono's base· ✓ Closed at 23:47 · 45t walls · 1 gate(s)
Mr.Satan's base· ✓ Closed at 23:37 · 43t walls · 3 gate(s)
GODFRICH's base· ✓ Closed at 23:39 · 53t walls · no gate
jotaramong's base· ✓ Closed at 32:13 · 34t walls · no gate
Smoothed initial terrain · ◌ = detected wall gap · hover for details
Inputs per minute
— Franko Popescu - - Bleed
Build order — Franko Popescu
First 150 of 889 actions detected
| 0:07 | Create | Villager (Male) |
| 0:07 | Create | Villager (Male) |
| 0:07 | Create | Villager (Male) |
| 0:08 | Create | Villager (Male) |
| 0:08 | Create | Villager (Male) |
| 0:10 | Build | House |
| 0:11 | Build | House |
| 0:24 | Research | Loom |
| 0:25 | Create | Villager (Male) |
| 0:25 | Create | Villager (Male) |
| 0:25 | Create | Villager (Male) |
| 0:26 | Create | Villager (Male) |
| 0:26 | Create | Villager (Male) |
| 0:37 | Build | Palisade Wall |
| 3:36 | Build | Palisade Wall |
| 3:49 | Create | Villager (Male) |
| 3:50 | Create | Villager (Male) |
| 5:15 | Build | Palisade Wall |
| 5:23 | Create | Villager (Male) |
| 5:23 | Create | Villager (Male) |
| 5:52 | Create | Villager (Male) |
| 5:52 | Create | Villager (Male) |
| 7:13 | Create | Villager (Male) |
| 7:13 | Create | Villager (Male) |
| 7:49 | Create | Villager (Male) |
| 7:49 | Create | Villager (Male) |
| 8:19 | Create | Villager (Male) |
| 8:19 | Create | Villager (Male) |
| 8:55 | Create | Villager (Male) |
| 9:21 | Create | Villager (Male) |
| 9:43 | Build | Lumber Camp |
| 9:53 | Create | Villager (Male) |
| 9:53 | Create | Villager (Male) |
| 11:02 | Create | Villager (Male) |
| 11:03 | Create | Villager (Male) |
| 11:03 | Create | Villager (Male) |
| 11:03 | Create | Villager (Male) |
| 11:09 | Build | House |
| 11:11 | Build | House |
| 12:20 | Build | Mill |
| 12:29 | Create | Villager (Male) |
| 12:29 | Create | Villager (Male) |
| 12:29 | Create | Villager (Male) |
| 12:29 | Create | Villager (Male) |
| 13:18 | Create | Villager (Male) |
| 13:18 | Create | Villager (Male) |
| 13:18 | Create | Villager (Male) |
| 13:49 | Build | Mill |
| 14:14 | Build | Farm |
| 14:17 | Build | Farm |
| 14:23 | Build | Farm |
| 14:28 | Build | Farm |
| 14:48 | Build | Farm |
| 14:55 | Build | Farm |
| 15:18 | Build | Farm |
| 15:27 | Create | Villager (Male) |
| 15:52 | Build | Farm |
| 16:01 | Build | Farm |
| 16:13 | Research | Feudal Age |
| 16:21 | Build | Farm |
| 16:51 | Build | House |
| 16:54 | Build | House |
| 16:55 | Build | House |
| 17:31 | Build | Mining Camp |
| 17:58 | Create | Villager (Male) |
| 17:58 | Create | Villager (Male) |
| 17:59 | Create | Villager (Male) |
| 18:23 | Age | Feudal Age |
| 18:34 | Build | Lumber Camp |
| 18:38 | Create | Villager (Male) |
| 18:38 | Create | Villager (Male) |
| 18:59 | Research | Double-Bit Axe |
| 18:59 | Research | Double-Bit Axe |
| 19:49 | Create | Villager (Male) |
| 20:31 | Build | Blacksmith |
| 20:48 | Build | Market |
| 21:01 | Create | Villager (Male) |
| 21:01 | Create | Villager (Male) |
| 21:01 | Create | Villager (Male) |
| 21:16 | Build | House |
| 21:18 | Build | House |
| 21:19 | Build | House |
| 21:20 | Build | House |
| 21:21 | Build | House |
| 21:24 | Build | House |
| 21:27 | Build | House |
| 21:33 | Build | Farm |
| 21:46 | Research | Castle Age |
| 22:11 | Build | Farm |
| 22:55 | Research | Horse Collar |
| 22:59 | Research | Wheelbarrow |
| 24:05 | Create | Trade Cart |
| 24:26 | Age | Castle Age |
| 24:30 | Build | Town Center |
| 24:41 | Build | Town Center |
| 24:46 | Create | Villager (Male) |
| 24:46 | Create | Villager (Male) |
| 24:47 | Create | Villager (Male) |
| 25:42 | Build | Town Center |
| 25:58 | Build | House |
| 25:59 | Build | House |
| 26:00 | Build | House |
| 26:05 | Create | Villager (Male) |
| 26:05 | Create | Villager (Male) |
| 26:05 | Create | Villager (Male) |
| 26:05 | Create | Villager (Male) |
| 26:06 | Create | Villager (Male) |
| 26:06 | Create | Villager (Male) |
| 26:16 | Build | Farm |
| 26:19 | Create | Villager (Male) |
| 26:19 | Create | Villager (Male) |
| 26:20 | Create | Villager (Male) |
| 26:20 | Create | Villager (Male) |
| 26:21 | Create | Villager (Male) |
| 26:21 | Create | Villager (Male) |
| 26:21 | Create | Villager (Male) |
| 26:22 | Create | Villager (Male) |
| 26:22 | Create | Villager (Male) |
| 26:48 | Build | Farm |
| 26:51 | Create | Villager (Male) |
| 26:52 | Create | Villager (Male) |
| 26:52 | Create | Villager (Male) |
| 26:52 | Create | Villager (Male) |
| 27:03 | Create | Villager (Male) |
| 27:06 | Create | Villager (Male) |
| 27:25 | Build | Farm |
| 27:25 | Build | Farm |
| 27:25 | Build | Farm |
| 27:29 | Create | Villager (Male) |
| 27:30 | Create | Villager (Male) |
| 27:30 | Create | Villager (Male) |
| 27:31 | Create | Villager (Male) |
| 27:40 | Build | House |
| 27:42 | Build | House |
| 27:43 | Build | House |
| 27:44 | Build | House |
| 27:46 | Build | House |
| 27:49 | Build | House |
| 27:53 | Create | Villager (Male) |
| 27:53 | Create | Villager (Male) |
| 27:54 | Create | Villager (Male) |
| 27:54 | Create | Villager (Male) |
| 28:03 | Build | Monastery |
| 28:08 | Build | University |
| 28:33 | Create | Villager (Male) |
| 28:35 | Create | Villager (Male) |
| 28:40 | Create | Villager (Male) |
| 28:40 | Create | Villager (Male) |
| 28:56 | Create | Monk |
| 29:05 | Build | Farm |
Build order — Bleed
First 150 of 318 actions detected
| 0:04 | Create | Villager (Male) |
| 0:04 | Create | Villager (Male) |
| 0:33 | Build | House |
| 0:34 | Build | House |
| 0:41 | Create | Villager (Male) |
| 0:41 | Create | Villager (Male) |
| 1:32 | Create | Villager (Male) |
| 1:32 | Create | Villager (Male) |
| 2:08 | Build | House |
| 2:28 | Create | Villager (Male) |
| 2:28 | Create | Villager (Male) |
| 3:03 | Create | Villager (Male) |
| 3:04 | Create | Villager (Male) |
| 3:45 | Create | Villager (Male) |
| 3:45 | Create | Villager (Male) |
| 3:46 | Create | Villager (Male) |
| 4:06 | Build | Mill |
| 4:10 | Create | Villager (Male) |
| 4:10 | Create | Villager (Male) |
| 4:15 | Create | Villager (Male) |
| 4:16 | Create | Villager (Male) |
| 4:43 | Create | Villager (Male) |
| 5:13 | Create | Villager (Male) |
| 5:20 | Create | Villager (Male) |
| 6:47 | Build | Lumber Camp |
| 7:25 | Create | Villager (Male) |
| 7:26 | Create | Villager (Male) |
| 7:26 | Create | Villager (Male) |
| 7:26 | Create | Villager (Male) |
| 7:26 | Create | Villager (Male) |
| 7:33 | Build | House |
| 7:34 | Build | House |
| 7:35 | Build | House |
| 9:10 | Build | Mining Camp |
| 9:41 | Research | Feudal Age |
| 10:41 | Build | Mining Camp |
| 11:28 | Build | House |
| 11:28 | Build | House |
| 11:29 | Build | House |
| 11:51 | Age | Feudal Age |
| 11:53 | Research | Double-Bit Axe |
| 11:54 | Research | Horse Collar |
| 11:58 | Research | Gold Mining |
| 12:22 | Build | Farm |
| 12:28 | Build | Farm |
| 12:32 | Build | Farm |
| 12:36 | Build | Farm |
| 12:39 | Build | Farm |
| 13:08 | Build | Farm |
| 13:28 | Research | Wheelbarrow |
| 13:31 | Create | Villager (Male) |
| 13:31 | Create | Villager (Male) |
| 13:31 | Create | Villager (Male) |
| 13:31 | Create | Villager (Male) |
| 13:32 | Create | Villager (Male) |
| 13:46 | Build | Farm |
| 14:49 | Build | Blacksmith |
| 15:04 | Create | Villager (Male) |
| 15:06 | Create | Villager (Male) |
| 15:06 | Create | Villager (Male) |
| 15:46 | Build | Market |
| 15:51 | Build | Farm |
| 16:29 | Research | Stone Mining |
| 17:09 | Create | Villager (Male) |
| 17:09 | Create | Villager (Male) |
| 17:09 | Create | Villager (Male) |
| 17:17 | Build | Farm |
| 17:46 | Build | Farm |
| 18:09 | Build | Barracks |
| 18:14 | Create | Trade Cart |
| 18:14 | Create | Trade Cart |
| 18:24 | Build | Farm |
| 18:34 | Build | Farm |
| 18:40 | Create | Villager (Male) |
| 19:01 | Build | Farm |
| 20:17 | Research | Castle Age |
| 20:44 | Build | Mining Camp |
| 21:20 | Research | Scale Barding Armor |
| 22:08 | Research | Padded Archer Armor |
| 22:19 | Build | Stable |
| 22:25 | Build | Stable |
| 22:36 | Create | Trade Cart |
| 22:47 | Research | Forging |
| 22:57 | Age | Castle Age |
| 23:09 | Build | Castle |
| 23:17 | Research | Husbandry |
| 23:19 | Research | Bloodlines |
| 23:36 | Create | Villager (Male) |
| 23:37 | Create | Villager (Male) |
| 23:47 | Build | Town Center |
| 24:04 | Research | Chain Barding Armor |
| 24:46 | Create | Villager (Male) |
| 24:47 | Create | Villager (Male) |
| 24:47 | Create | Villager (Male) |
| 24:47 | Create | Villager (Male) |
| 24:48 | Create | Villager (Male) |
| 25:04 | Create | Villager (Male) |
| 25:07 | Create | Villager (Male) |
| 25:10 | Create | Villager (Male) |
| 25:16 | Build | Farm |
| 25:25 | Research | Bow Saw |
| 25:29 | Create | Villager (Male) |
| 25:32 | Build | Farm |
| 25:48 | Build | Lumber Camp |
| 26:03 | Research | Stone Shaft Mining |
| 26:10 | Build | Farm |
| 26:12 | Build | Farm |
| 26:15 | Build | Farm |
| 26:27 | Create | Conquistador |
| 26:28 | Create | Conquistador |
| 26:28 | Create | Conquistador |
| 26:37 | Create | Villager (Male) |
| 26:49 | Create | Villager (Male) |
| 26:49 | Create | Villager (Male) |
| 26:50 | Create | Villager (Male) |
| 26:53 | Create | Villager (Male) |
| 27:07 | Build | Farm |
| 27:20 | Build | Monastery |
| 27:34 | Build | Farm |
| 27:48 | Build | Farm |
| 27:53 | Build | Farm |
| 27:58 | Build | Farm |
| 28:00 | Create | Monk |
| 28:16 | Research | Hand Cart |
| 28:17 | Create | Villager (Male) |
| 28:17 | Create | Villager (Male) |
| 28:18 | Create | Villager (Male) |
| 28:53 | Research | Leather Archer Armor |
| 29:19 | Create | Villager (Male) |
| 29:19 | Create | Villager (Male) |
| 29:21 | Research | Town Watch |
| 29:24 | Create | Villager (Male) |
| 29:51 | Build | Farm |
| 30:17 | Build | Farm |
| 30:36 | Research | Imperial Age |
| 30:37 | Research | Imperial Age |
| 30:50 | Build | Farm |
| 30:54 | Create | Villager (Male) |
| 31:07 | Build | Siege Workshop |
| 31:23 | Research | Town Patrol |
| 31:23 | Create | Villager (Male) |
| 31:23 | Create | Villager (Male) |
| 31:39 | Build | Dock |
| 31:58 | Create | Conquistador |
| 31:59 | Create | Conquistador |
| 31:59 | Create | Conquistador |
| 32:02 | Create | Conquistador |
| 32:05 | Create | Trade Cart |
| 32:52 | Build | Farm |
| 33:03 | Build | Mill |
Build order — KOSOVAR
First 150 of 621 actions detected
| 0:05 | Research | Loom |
| 0:05 | Create | Villager (Male) |
| 0:05 | Create | Villager (Male) |
| 0:06 | Create | Villager (Male) |
| 0:06 | Create | Villager (Male) |
| 0:06 | Create | Villager (Male) |
| 0:24 | Build | House |
| 0:32 | Build | House |
| 0:51 | Build | Palisade Wall |
| 1:51 | Build | House |
| 2:47 | Create | Villager (Male) |
| 3:40 | Create | Villager (Male) |
| 3:40 | Create | Villager (Male) |
| 4:17 | Create | Villager (Male) |
| 4:18 | Create | Villager (Male) |
| 4:57 | Create | Villager (Male) |
| 4:57 | Create | Villager (Male) |
| 5:55 | Create | Villager (Male) |
| 6:06 | Create | Villager (Male) |
| 6:37 | Create | Villager (Male) |
| 7:06 | Create | Villager (Male) |
| 7:53 | Build | Mill |
| 7:58 | Create | Villager (Male) |
| 7:58 | Create | Villager (Male) |
| 8:37 | Create | Villager (Male) |
| 8:37 | Create | Villager (Male) |
| 8:38 | Create | Villager (Male) |
| 8:39 | Create | Villager (Male) |
| 9:14 | Create | Villager (Male) |
| 9:16 | Create | Villager (Male) |
| 9:35 | Create | Villager (Male) |
| 10:09 | Create | Villager (Male) |
| 10:09 | Create | Villager (Male) |
| 12:05 | Create | Villager (Male) |
| 12:46 | Build | Lumber Camp |
| 12:57 | Create | Villager (Male) |
| 13:04 | Build | House |
| 13:12 | Build | House |
| 13:45 | Research | Feudal Age |
| 14:03 | Create | Villager (Male) |
| 14:03 | Create | Villager (Male) |
| 14:20 | Build | Mill |
| 15:17 | Build | Mining Camp |
| 16:10 | Age | Feudal Age |
| 16:23 | Research | Double-Bit Axe |
| 16:42 | Build | Stone Wall |
| 16:50 | Create | Villager (Male) |
| 16:51 | Create | Villager (Male) |
| 16:51 | Create | Villager (Male) |
| 17:45 | Create | Villager (Male) |
| 17:45 | Create | Villager (Male) |
| 18:29 | Create | Villager (Male) |
| 18:46 | Build | House |
| 18:57 | Build | House |
| 19:15 | Build | Market |
| 19:19 | Build | Blacksmith |
| 20:04 | Build | Farm |
| 20:10 | Build | Farm |
| 20:14 | Create | Villager (Male) |
| 20:15 | Create | Villager (Male) |
| 20:22 | Research | Horse Collar |
| 21:20 | Build | Farm |
| 21:26 | Build | Farm |
| 21:30 | Create | Villager (Male) |
| 21:30 | Create | Villager (Male) |
| 21:32 | Create | Villager (Male) |
| 21:57 | Build | Mining Camp |
| 22:29 | Build | House |
| 22:32 | Build | House |
| 22:34 | Build | House |
| 22:37 | Build | House |
| 22:39 | Build | House |
| 22:40 | Build | House |
| 22:42 | Build | House |
| 22:45 | Build | House |
| 22:47 | Build | House |
| 22:59 | Build | Farm |
| 23:06 | Build | Farm |
| 23:13 | Build | Farm |
| 23:16 | Create | Villager (Male) |
| 23:17 | Create | Villager (Male) |
| 23:42 | Build | Watch Tower |
| 23:50 | Build | Farm |
| 24:38 | Build | Mining Camp |
| 24:44 | Build | Farm |
| 24:53 | Research | Castle Age |
| 25:36 | Build | Lumber Camp |
| 25:58 | Research | Gold Mining |
| 27:08 | Build | Barracks |
| 27:33 | Age | Castle Age |
| 27:44 | Build | Town Center |
| 28:10 | Build | Castle |
| 28:19 | Build | Stable |
| 28:24 | Create | Villager (Male) |
| 28:25 | Create | Villager (Male) |
| 28:25 | Create | Villager (Male) |
| 28:25 | Create | Villager (Male) |
| 28:50 | Create | Villager (Male) |
| 28:56 | Build | Farm |
| 28:59 | Research | Heavy Plow |
| 29:02 | Research | Bow Saw |
| 29:12 | Create | Villager (Male) |
| 29:22 | Build | Siege Workshop |
| 29:31 | Build | Farm |
| 29:47 | Build | Farm |
| 29:52 | Create | Villager (Male) |
| 29:55 | Create | Villager (Male) |
| 30:28 | Build | Mining Camp |
| 30:35 | Build | Farm |
| 30:40 | Build | Farm |
| 31:03 | Research | Fletching |
| 31:12 | Build | Farm |
| 31:18 | Create | Villager (Male) |
| 31:18 | Create | Villager (Male) |
| 31:19 | Create | Villager (Male) |
| 31:30 | Build | Farm |
| 31:43 | Build | Monastery |
| 31:51 | Research | Bodkin Arrow |
| 32:04 | Build | Farm |
| 32:08 | Create | Villager (Male) |
| 32:08 | Create | Villager (Male) |
| 32:51 | Build | Farm |
| 32:53 | Create | Monk |
| 32:53 | Create | Monk |
| 33:05 | Build | Farm |
| 33:10 | Create | Villager (Male) |
| 33:10 | Create | Villager (Male) |
| 33:12 | Create | Villager (Male) |
| 33:19 | Create | Villager (Male) |
| 33:19 | Create | Villager (Male) |
| 33:35 | Build | Town Center |
| 33:46 | Build | Farm |
| 34:12 | Build | Farm |
| 34:17 | Build | Farm |
| 34:26 | Build | Farm |
| 34:32 | Build | Farm |
| 34:36 | Create | Villager (Male) |
| 34:36 | Create | Villager (Male) |
| 35:17 | Build | University |
| 35:38 | Build | Farm |
| 36:15 | Research | Imperial Age |
| 36:23 | Create | Mangudai |
| 36:23 | Create | Mangudai |
| 36:45 | Research | Gold Shaft Mining |
| 36:52 | Research | Wheelbarrow |
| 37:06 | Build | Castle |
| 37:12 | Research | Ballistics |
| 37:26 | Create | Villager (Male) |
| 37:26 | Create | Villager (Male) |
| 37:31 | Create | Villager (Male) |
Build order — 我的最爱叫婷婷
First 150 of 501 actions detected
| 0:06 | Build | House |
| 0:11 | Build | House |
| 0:19 | Create | Villager (Male) |
| 0:19 | Create | Villager (Male) |
| 0:20 | Create | Villager (Male) |
| 0:20 | Create | Villager (Male) |
| 0:20 | Create | Villager (Male) |
| 0:21 | Research | Loom |
| 1:51 | Create | Villager (Male) |
| 1:52 | Create | Villager (Male) |
| 2:35 | Create | Villager (Male) |
| 2:35 | Create | Villager (Male) |
| 2:35 | Create | Villager (Male) |
| 3:44 | Create | Villager (Male) |
| 3:45 | Create | Villager (Male) |
| 3:45 | Create | Villager (Male) |
| 3:54 | Build | Lumber Camp |
| 4:15 | Create | Villager (Male) |
| 4:41 | Build | House |
| 4:56 | Create | Villager (Male) |
| 5:07 | Build | Mill |
| 6:01 | Create | Villager (Male) |
| 6:54 | Create | Villager (Male) |
| 6:54 | Create | Villager (Male) |
| 7:05 | Create | Villager (Male) |
| 7:05 | Create | Villager (Male) |
| 7:24 | Build | House |
| 7:48 | Create | Villager (Male) |
| 8:43 | Create | Villager (Male) |
| 9:08 | Build | Mining Camp |
| 9:45 | Build | Mining Camp |
| 9:46 | Create | Villager (Male) |
| 10:19 | Build | Barracks |
| 11:16 | Research | Feudal Age |
| 11:18 | Create | Villager (Male) |
| 11:18 | Create | Villager (Male) |
| 11:18 | Create | Villager (Male) |
| 11:41 | Build | House |
| 12:56 | Build | Mill |
| 13:26 | Age | Feudal Age |
| 13:30 | Research | Wheelbarrow |
| 13:34 | Research | Horse Collar |
| 13:43 | Research | Double-Bit Axe |
| 14:32 | Build | Stable |
| 14:38 | Build | Blacksmith |
| 14:47 | Create | Villager (Male) |
| 14:47 | Create | Villager (Male) |
| 15:25 | Build | House |
| 15:54 | Build | House |
| 17:05 | Build | Market |
| 17:19 | Create | Villager (Male) |
| 17:20 | Create | Villager (Male) |
| 17:20 | Create | Villager (Male) |
| 17:21 | Research | Town Watch |
| 17:52 | Build | Farm |
| 18:16 | Build | Farm |
| 18:20 | Build | Farm |
| 18:23 | Build | Farm |
| 18:26 | Research | Castle Age |
| 18:34 | Build | Farm |
| 18:38 | Build | Farm |
| 18:41 | Build | Farm |
| 18:44 | Build | Farm |
| 19:06 | Build | Farm |
| 19:08 | Create | Villager (Male) |
| 19:09 | Create | Villager (Male) |
| 19:20 | Build | House |
| 20:03 | Build | Farm |
| 20:07 | Create | Villager (Male) |
| 21:14 | Age | Castle Age |
| 21:22 | Research | Hand Cart |
| 21:26 | Research | Gold Mining |
| 21:28 | Research | Bow Saw |
| 21:56 | Research | Heavy Plow |
| 21:59 | Research | Stone Mining |
| 22:10 | Build | Farm |
| 22:24 | Build | Farm |
| 22:38 | Build | Farm |
| 22:43 | Build | Farm |
| 22:48 | Research | Gold Shaft Mining |
| 23:08 | Create | Villager (Male) |
| 23:08 | Create | Villager (Male) |
| 23:08 | Create | Villager (Male) |
| 23:09 | Research | Town Watch |
| 23:30 | Build | Town Center |
| 24:07 | Create | Villager (Male) |
| 24:13 | Build | Farm |
| 24:29 | Research | Stone Shaft Mining |
| 25:20 | Build | Castle |
| 25:30 | Build | Dock |
| 25:39 | Build | Farm |
| 25:43 | Build | Farm |
| 25:45 | Build | Farm |
| 25:51 | Build | Farm |
| 25:55 | Build | Farm |
| 25:56 | Create | Villager (Male) |
| 25:56 | Create | Villager (Male) |
| 26:05 | Create | Villager (Male) |
| 26:10 | Create | Villager (Male) |
| 26:11 | Create | Villager (Male) |
| 26:11 | Create | Villager (Male) |
| 26:12 | Create | Villager (Male) |
| 26:20 | Build | Farm |
| 26:30 | Create | Villager (Male) |
| 26:34 | Build | House |
| 26:36 | Build | House |
| 26:39 | Research | Tech 906 |
| 26:40 | Create | Fishing Ship |
| 26:40 | Create | Fishing Ship |
| 26:40 | Create | Fishing Ship |
| 27:22 | Research | Bloodlines |
| 27:25 | Research | Husbandry |
| 27:50 | Build | Farm |
| 27:57 | Build | Fish Trap |
| 28:00 | Research | Gillnets |
| 28:14 | Build | Mining Camp |
| 28:27 | Research | Imperial Age |
| 28:28 | Create | Villager (Male) |
| 28:28 | Create | Villager (Male) |
| 28:34 | Create | Villager (Male) |
| 28:35 | Create | Villager (Male) |
| 28:35 | Create | Villager (Male) |
| 28:48 | Build | Fish Trap |
| 29:29 | Build | Stable |
| 29:36 | Build | Fish Trap |
| 29:40 | Create | Fishing Ship |
| 29:40 | Create | Fishing Ship |
| 30:05 | Build | Farm |
| 30:17 | Create | Villager (Male) |
| 30:27 | Build | Fish Trap |
| 30:41 | Create | Villager (Male) |
| 31:04 | Build | Farm |
| 31:14 | Build | Stable |
| 31:19 | Build | Fish Trap |
| 31:37 | Age | Imperial Age |
| 31:41 | Research | Tech 1033 |
| 31:49 | Research | Scale Barding Armor |
| 31:50 | Research | Forging |
| 31:56 | Create | Villager (Male) |
| 31:57 | Create | Villager (Male) |
| 31:57 | Create | Villager (Male) |
| 31:58 | Create | Villager (Male) |
| 32:03 | Research | Caravan |
| 32:16 | Create | Unit 1944 |
| 32:16 | Create | Unit 1944 |
| 32:16 | Create | Unit 1944 |
| 32:16 | Create | Unit 1944 |
| 32:16 | Create | Unit 1944 |
| 32:17 | Create | Unit 1944 |
| 32:17 | Create | Unit 1944 |
Build order — Fake Chimono
First 150 of 393 actions detected
| 0:03 | Research | Loom |
| 0:03 | Create | Villager (Male) |
| 0:04 | Create | Villager (Male) |
| 0:04 | Create | Villager (Male) |
| 0:04 | Create | Villager (Male) |
| 0:31 | Build | Mill |
| 0:48 | Build | House |
| 0:50 | Build | House |
| 1:48 | Build | Palisade Wall |
| 3:07 | Create | Villager (Male) |
| 3:37 | Build | House |
| 4:27 | Build | House |
| 5:06 | Build | House |
| 5:10 | Create | Villager (Male) |
| 5:10 | Create | Villager (Male) |
| 5:12 | Create | Villager (Male) |
| 5:12 | Create | Villager (Male) |
| 6:00 | Build | House |
| 6:29 | Create | Villager (Male) |
| 6:29 | Create | Villager (Male) |
| 7:06 | Build | House |
| 7:44 | Create | Villager (Male) |
| 7:44 | Create | Villager (Male) |
| 8:47 | Create | Villager (Male) |
| 8:48 | Create | Villager (Male) |
| 8:55 | Build | Mining Camp |
| 9:40 | Build | Lumber Camp |
| 9:49 | Create | Villager (Male) |
| 9:50 | Create | Villager (Male) |
| 9:52 | Create | Villager (Male) |
| 10:41 | Create | Villager (Male) |
| 11:13 | Create | Villager (Male) |
| 11:44 | Create | Villager (Male) |
| 12:15 | Create | Villager (Male) |
| 12:20 | Create | Villager (Male) |
| 12:27 | Build | Mining Camp |
| 12:39 | Create | Villager (Male) |
| 12:41 | Create | Villager (Male) |
| 13:18 | Build | Dock |
| 13:32 | Build | Farm |
| 13:39 | Build | Farm |
| 13:51 | Build | Farm |
| 13:58 | Build | Farm |
| 14:00 | Research | Feudal Age |
| 14:10 | Build | Farm |
| 14:16 | Build | Farm |
| 14:24 | Build | Farm |
| 14:29 | Create | Fishing Ship |
| 14:59 | Create | Fishing Ship |
| 15:16 | Create | Villager (Male) |
| 15:18 | Create | Villager (Male) |
| 15:19 | Create | Villager (Male) |
| 15:20 | Create | Villager (Male) |
| 16:20 | Build | Market |
| 16:27 | Research | Double-Bit Axe |
| 16:33 | Create | Fishing Ship |
| 16:34 | Create | Fishing Ship |
| 16:40 | Research | Horse Collar |
| 16:47 | Research | Gold Mining |
| 17:11 | Build | Stone Wall |
| 17:17 | Build | Stone Wall |
| 17:31 | Create | Villager (Male) |
| 17:31 | Create | Villager (Male) |
| 17:36 | Research | Tech 906 |
| 18:14 | Create | Trade Cart |
| 18:16 | Create | Trade Cart |
| 18:17 | Create | Trade Cart |
| 18:27 | Create | Villager (Male) |
| 18:28 | Create | Villager (Male) |
| 18:28 | Create | Villager (Male) |
| 18:33 | Create | Villager (Male) |
| 18:40 | Build | Farm |
| 18:44 | Build | Farm |
| 18:48 | Build | Farm |
| 18:57 | Build | Farm |
| 19:16 | Build | Mining Camp |
| 19:42 | Build | Stone Wall |
| 20:05 | Build | House |
| 20:09 | Build | House |
| 20:11 | Build | House |
| 20:12 | Build | House |
| 20:13 | Build | House |
| 20:33 | Build | Watch Tower |
| 20:49 | Build | Fish Trap |
| 20:55 | Build | Fish Trap |
| 20:58 | Create | Fishing Ship |
| 20:58 | Create | Fishing Ship |
| 21:04 | Build | Fish Trap |
| 21:11 | Create | Villager (Male) |
| 21:12 | Create | Villager (Male) |
| 21:14 | Create | Villager (Male) |
| 21:14 | Create | Villager (Male) |
| 21:45 | Build | Farm |
| 21:53 | Build | Farm |
| 21:59 | Build | Farm |
| 22:13 | Build | Mill |
| 22:47 | Build | Blacksmith |
| 22:59 | Build | Farm |
| 23:02 | Create | Villager (Male) |
| 23:33 | Build | Gate |
| 23:47 | Research | Castle Age |
| 23:54 | Build | Fish Trap |
| 23:59 | Build | Fish Trap |
| 25:05 | Create | Villager (Male) |
| 25:06 | Create | Villager (Male) |
| 25:07 | Create | Villager (Male) |
| 25:07 | Create | Villager (Male) |
| 25:08 | Create | Villager (Male) |
| 25:19 | Create | Trade Cart |
| 25:44 | Research | Scale Barding Armor |
| 26:24 | Research | Forging |
| 26:45 | Build | Town Center |
| 26:56 | Build | Fish Trap |
| 27:26 | Build | Monastery |
| 27:52 | Build | Farm |
| 28:12 | Create | Villager (Male) |
| 28:28 | Create | Villager (Male) |
| 28:29 | Create | Villager (Male) |
| 28:29 | Create | Villager (Male) |
| 28:30 | Create | Villager (Male) |
| 28:30 | Create | Villager (Male) |
| 28:30 | Create | Villager (Male) |
| 28:38 | Create | Monk |
| 28:53 | Build | Castle |
| 29:05 | Research | Bow Saw |
| 29:08 | Create | Villager (Male) |
| 29:10 | Create | Villager (Male) |
| 29:11 | Create | Villager (Male) |
| 29:20 | Research | Gillnets |
| 29:24 | Research | Stone Mining |
| 29:54 | Build | Farm |
| 30:03 | Research | Heavy Plow |
| 30:43 | Build | Farm |
| 30:48 | Build | Farm |
| 30:51 | Research | Town Watch |
| 31:08 | Create | Villager (Male) |
| 31:08 | Create | Villager (Male) |
| 31:09 | Create | Villager (Male) |
| 31:10 | Create | Villager (Male) |
| 31:10 | Create | Villager (Male) |
| 31:13 | Create | Villager (Male) |
| 31:13 | Create | Villager (Male) |
| 31:20 | Research | Caravan |
| 31:21 | Research | Coinage |
| 31:22 | Create | Trade Cart |
| 31:24 | Create | Trade Cart |
| 31:25 | Create | Trade Cart |
| 31:25 | Create | Trade Cart |
| 31:26 | Create | Trade Cart |
| 31:47 | Build | Stone Wall |
Build order — Mr.Satan
First 150 of 571 actions detected
| 0:02 | Create | Villager (Male) |
| 0:03 | Create | Villager (Male) |
| 0:20 | Build | Palisade Wall |
| 0:24 | Build | Palisade Wall |
| 0:28 | Build | House |
| 0:33 | Create | Villager (Male) |
| 0:34 | Create | Villager (Male) |
| 0:34 | Create | Villager (Male) |
| 2:07 | Create | Villager (Male) |
| 2:07 | Create | Villager (Male) |
| 3:12 | Create | Villager (Male) |
| 3:12 | Create | Villager (Male) |
| 3:12 | Create | Villager (Male) |
| 4:06 | Create | Villager (Male) |
| 4:06 | Create | Villager (Male) |
| 4:28 | Build | Palisade Gate |
| 4:44 | Build | House |
| 5:24 | Create | Villager (Male) |
| 5:24 | Create | Villager (Male) |
| 5:40 | Create | Villager (Male) |
| 5:40 | Create | Villager (Male) |
| 6:00 | Create | Villager (Male) |
| 6:00 | Create | Villager (Male) |
| 6:43 | Create | Villager (Male) |
| 6:43 | Create | Villager (Male) |
| 6:49 | Build | House |
| 7:33 | Create | Villager (Male) |
| 7:34 | Create | Villager (Male) |
| 7:34 | Create | Villager (Male) |
| 8:26 | Create | Villager (Male) |
| 8:33 | Build | House |
| 8:44 | Build | Mill |
| 9:47 | Create | Villager (Male) |
| 9:47 | Create | Villager (Male) |
| 9:56 | Create | Villager (Male) |
| 9:57 | Create | Villager (Male) |
| 9:57 | Create | Villager (Male) |
| 9:57 | Create | Villager (Male) |
| 10:19 | Create | Villager (Male) |
| 10:31 | Build | Dock |
| 10:42 | Build | Lumber Camp |
| 10:52 | Create | Villager (Male) |
| 11:21 | Create | Fishing Ship |
| 11:36 | Build | House |
| 11:42 | Research | Feudal Age |
| 11:42 | Research | Feudal Age |
| 12:09 | Build | Farm |
| 12:10 | Build | Farm |
| 12:24 | Build | Farm |
| 13:10 | Create | Villager (Male) |
| 13:24 | Create | Fishing Ship |
| 13:52 | Age | Feudal Age |
| 13:55 | Create | Villager (Male) |
| 13:59 | Research | Double-Bit Axe |
| 14:03 | Create | Villager (Male) |
| 14:18 | Create | Villager (Male) |
| 14:20 | Build | House |
| 14:25 | Build | Barracks |
| 14:29 | Create | Villager (Male) |
| 14:34 | Research | Horse Collar |
| 14:40 | Create | Villager (Male) |
| 15:09 | Research | Loom |
| 15:16 | Build | Mining Camp |
| 15:17 | Create | Villager (Male) |
| 15:25 | Build | House |
| 15:31 | Create | Villager (Male) |
| 15:42 | Build | Farm |
| 15:57 | Research | Wheelbarrow |
| 16:23 | Build | Stone Wall |
| 16:30 | Build | Stone Wall |
| 16:37 | Build | Gate |
| 16:50 | Build | Blacksmith |
| 16:57 | Build | House |
| 16:58 | Create | Villager (Male) |
| 17:14 | Create | Demolition Raft |
| 17:18 | Create | Fishing Ship |
| 17:19 | Create | Fishing Ship |
| 17:20 | Create | Demolition Raft |
| 17:33 | Build | Farm |
| 17:44 | Create | Villager (Male) |
| 17:54 | Create | Villager (Male) |
| 18:29 | Build | Market |
| 18:36 | Create | Villager (Male) |
| 18:56 | Build | Outpost |
| 19:04 | Build | Gate |
| 19:13 | Build | Outpost |
| 19:22 | Build | Mining Camp |
| 19:56 | Create | Villager (Male) |
| 19:56 | Create | Villager (Male) |
| 20:00 | Build | Farm |
| 20:03 | Build | Farm |
| 20:27 | Build | Farm |
| 20:54 | Research | Castle Age |
| 20:54 | Research | Castle Age |
| 20:56 | Create | Demolition Raft |
| 21:05 | Build | Lumber Camp |
| 21:07 | Build | Lumber Camp |
| 21:32 | Build | Farm |
| 21:33 | Build | Farm |
| 21:35 | Build | Farm |
| 21:37 | Build | Farm |
| 21:46 | Build | Farm |
| 21:51 | Research | Stone Mining |
| 21:52 | Research | Gold Mining |
| 22:19 | Research | Man-at-Arms (upgrade) |
| 22:43 | Build | Fish Trap |
| 22:44 | Build | Fish Trap |
| 22:45 | Build | Fish Trap |
| 22:46 | Build | Fish Trap |
| 22:53 | Create | Villager (Male) |
| 23:02 | Build | Farm |
| 23:31 | Research | Forging |
| 23:37 | Age | Castle Age |
| 23:40 | Research | Bow Saw |
| 23:44 | Create | Villager (Male) |
| 24:20 | Create | Villager (Male) |
| 24:26 | Build | Farm |
| 24:31 | Build | House |
| 24:35 | Build | House |
| 24:43 | Build | Barracks |
| 24:46 | Build | Barracks |
| 24:51 | Build | House |
| 24:58 | Research | Heavy Plow |
| 25:00 | Create | Villager (Male) |
| 25:02 | Create | Villager (Male) |
| 25:09 | Build | Farm |
| 25:25 | Build | Town Center |
| 25:41 | Research | Tech 906 |
| 25:52 | Build | Farm |
| 26:17 | Research | Stone Shaft Mining |
| 26:30 | Build | Town Center |
| 26:40 | Research | Long Swordsman (upgrade) |
| 26:41 | Research | Gambesons |
| 26:57 | Research | Pikeman (upgrade) |
| 27:00 | Create | Spearman |
| 27:00 | Create | Spearman |
| 27:01 | Create | Militia |
| 27:01 | Create | Militia |
| 27:26 | Research | Squires |
| 27:28 | Research | Arson |
| 27:32 | Create | Spearman |
| 27:32 | Create | Spearman |
| 27:33 | Create | Militia |
| 27:33 | Create | Militia |
| 28:02 | Create | Villager (Male) |
| 28:03 | Create | Villager (Male) |
| 28:18 | Create | Villager (Male) |
| 28:18 | Create | Villager (Male) |
| 28:46 | Build | Farm |
| 29:12 | Build | Town Center |
Build order — GODFRICH
First 150 of 401 actions detected
| 0:04 | Build | House |
| 0:05 | Build | House |
| 0:06 | Create | Villager (Male) |
| 0:35 | Create | Villager (Male) |
| 0:36 | Create | Villager (Male) |
| 0:36 | Create | Villager (Male) |
| 0:36 | Create | Villager (Male) |
| 1:31 | Build | Palisade Wall |
| 2:04 | Build | House |
| 2:53 | Build | Palisade Wall |
| 3:28 | Create | Villager (Male) |
| 3:28 | Create | Villager (Male) |
| 3:29 | Create | Villager (Male) |
| 3:29 | Create | Villager (Male) |
| 3:33 | Build | House |
| 4:13 | Create | Villager (Male) |
| 4:53 | Build | Palisade Wall |
| 4:58 | Create | Villager (Male) |
| 4:58 | Create | Villager (Male) |
| 4:59 | Create | Villager (Male) |
| 5:43 | Create | Villager (Male) |
| 5:44 | Create | Villager (Male) |
| 7:28 | Build | Mill |
| 7:45 | Build | Mill |
| 7:49 | Create | Villager (Male) |
| 7:49 | Create | Villager (Male) |
| 8:15 | Build | Barracks |
| 9:16 | Research | Feudal Age |
| 9:56 | Build | Farm |
| 9:58 | Build | Farm |
| 10:02 | Build | Farm |
| 10:40 | Create | Villager (Male) |
| 10:43 | Create | Villager (Male) |
| 10:43 | Create | Villager (Male) |
| 10:43 | Create | Villager (Male) |
| 11:10 | Build | Farm |
| 11:26 | Age | Feudal Age |
| 12:02 | Build | Stone Wall |
| 12:11 | Create | Villager (Male) |
| 12:11 | Create | Villager (Male) |
| 12:17 | Research | Horse Collar |
| 12:21 | Research | Double-Bit Axe |
| 12:28 | Build | Farm |
| 13:00 | Create | Villager (Male) |
| 13:02 | Create | Villager (Male) |
| 13:02 | Create | Villager (Male) |
| 13:12 | Build | Mule Cart |
| 13:40 | Build | House |
| 13:43 | Build | House |
| 13:45 | Build | House |
| 13:55 | Build | Farm |
| 14:18 | Create | Villager (Male) |
| 14:18 | Create | Villager (Male) |
| 15:03 | Build | Stone Wall |
| 15:11 | Create | Villager (Male) |
| 15:44 | Build | Stable |
| 15:57 | Create | Villager (Male) |
| 15:59 | Create | Villager (Male) |
| 16:00 | Create | Villager (Male) |
| 16:05 | Research | Gold Mining |
| 16:44 | Build | Farm |
| 16:52 | Build | Farm |
| 17:43 | Build | Mule Cart |
| 17:48 | Create | Villager (Male) |
| 17:49 | Create | Villager (Male) |
| 18:22 | Build | Market |
| 18:30 | Build | Farm |
| 18:41 | Create | Villager (Male) |
| 18:42 | Create | Villager (Male) |
| 19:36 | Build | Stone Wall |
| 19:44 | Create | Villager (Male) |
| 19:44 | Create | Villager (Male) |
| 19:45 | Create | Villager (Male) |
| 19:56 | Research | Stone Mining |
| 20:10 | Build | House |
| 20:14 | Build | Farm |
| 20:15 | Build | Farm |
| 20:20 | Build | Farm |
| 20:43 | Research | Castle Age |
| 21:20 | Build | Blacksmith |
| 21:24 | Create | Villager (Male) |
| 21:26 | Create | Villager (Male) |
| 21:26 | Create | Villager (Male) |
| 21:26 | Create | Villager (Male) |
| 22:28 | Build | Archery Range |
| 22:56 | Create | Trade Cart |
| 22:56 | Create | Trade Cart |
| 23:18 | Build | House |
| 23:20 | Build | House |
| 23:22 | Build | House |
| 23:25 | Build | House |
| 23:33 | Research | Scale Barding Armor |
| 23:39 | Age | Castle Age |
| 24:06 | Build | Town Center |
| 24:12 | Create | Villager (Male) |
| 24:46 | Create | Knight |
| 24:49 | Create | Knight |
| 24:49 | Create | Knight |
| 24:50 | Create | Knight |
| 24:50 | Create | Knight |
| 24:50 | Create | Knight |
| 24:51 | Create | Knight |
| 25:04 | Create | Villager (Male) |
| 25:04 | Create | Villager (Male) |
| 25:04 | Create | Villager (Male) |
| 25:37 | Build | House |
| 25:38 | Build | House |
| 25:39 | Build | House |
| 25:41 | Build | House |
| 25:57 | Create | Villager (Male) |
| 25:58 | Create | Villager (Male) |
| 25:58 | Create | Villager (Male) |
| 25:58 | Create | Villager (Male) |
| 25:58 | Create | Villager (Male) |
| 25:59 | Create | Villager (Male) |
| 25:59 | Create | Villager (Male) |
| 26:05 | Create | Villager (Male) |
| 26:05 | Create | Villager (Male) |
| 26:45 | Build | Gate |
| 27:21 | Build | Monastery |
| 27:35 | Research | Chain Barding Armor |
| 27:44 | Research | Heavy Plow |
| 27:47 | Research | Bow Saw |
| 27:55 | Build | House |
| 27:57 | Build | House |
| 27:59 | Build | House |
| 28:00 | Build | House |
| 28:01 | Build | House |
| 28:41 | Build | Castle |
| 28:46 | Create | Knight |
| 28:46 | Create | Knight |
| 28:47 | Create | Knight |
| 28:47 | Create | Knight |
| 28:47 | Create | Knight |
| 29:00 | Create | Monk |
| 29:06 | Create | Villager (Male) |
| 29:06 | Create | Villager (Male) |
| 29:07 | Create | Villager (Male) |
| 29:27 | Create | Villager (Male) |
| 29:27 | Create | Villager (Male) |
| 29:35 | Build | Farm |
| 29:43 | Build | Farm |
| 29:49 | Build | Farm |
| 29:54 | Build | Farm |
| 29:58 | Build | Farm |
| 30:17 | Build | Farm |
| 30:23 | Create | Villager (Male) |
| 30:23 | Create | Villager (Male) |
| 30:23 | Create | Villager (Male) |
| 30:24 | Create | Villager (Male) |
Build order — jotaramong
First 150 of 500 actions detected
| 0:05 | Build | House |
| 0:11 | Create | Villager (Male) |
| 0:12 | Create | Villager (Male) |
| 0:12 | Create | Villager (Male) |
| 0:12 | Create | Villager (Male) |
| 0:12 | Create | Villager (Male) |
| 0:37 | Build | House |
| 0:44 | Build | House |
| 0:45 | Build | House |
| 1:49 | Build | Lumber Camp |
| 3:29 | Create | Villager (Male) |
| 3:29 | Create | Villager (Male) |
| 3:31 | Create | Villager (Male) |
| 5:20 | Create | Villager (Male) |
| 5:20 | Create | Villager (Male) |
| 5:21 | Create | Villager (Male) |
| 5:21 | Create | Villager (Male) |
| 7:19 | Build | Palisade Wall |
| 9:50 | Build | Mill |
| 12:00 | Build | Lumber Camp |
| 12:08 | Research | Feudal Age |
| 13:35 | Build | Mining Camp |
| 14:10 | Create | Villager (Male) |
| 14:12 | Create | Villager (Male) |
| 14:13 | Create | Villager (Male) |
| 14:13 | Create | Villager (Male) |
| 14:18 | Age | Feudal Age |
| 14:32 | Research | Wheelbarrow |
| 14:43 | Build | Town Center |
| 15:53 | Research | Double-Bit Axe |
| 16:35 | Create | Villager (Male) |
| 17:28 | Create | Villager (Male) |
| 18:49 | Create | Villager (Male) |
| 18:49 | Create | Villager (Male) |
| 21:06 | Create | Villager (Male) |
| 21:09 | Create | Villager (Male) |
| 21:09 | Create | Villager (Male) |
| 21:09 | Create | Villager (Male) |
| 21:10 | Create | Villager (Male) |
| 21:10 | Create | Villager (Male) |
| 21:10 | Create | Villager (Male) |
| 21:10 | Create | Villager (Male) |
| 21:40 | Build | Blacksmith |
| 22:01 | Build | Market |
| 22:17 | Create | Villager (Male) |
| 22:28 | Build | Farm |
| 22:32 | Build | Farm |
| 22:34 | Build | Farm |
| 22:36 | Build | Farm |
| 22:38 | Build | Farm |
| 22:40 | Build | Farm |
| 22:41 | Build | Farm |
| 22:44 | Build | Farm |
| 23:27 | Build | Mining Camp |
| 23:36 | Build | Farm |
| 24:02 | Build | Lumber Camp |
| 24:05 | Create | Villager (Male) |
| 24:06 | Create | Villager (Male) |
| 24:06 | Create | Villager (Male) |
| 24:06 | Create | Villager (Male) |
| 24:06 | Create | Villager (Male) |
| 24:06 | Create | Villager (Male) |
| 24:07 | Create | Villager (Male) |
| 24:07 | Create | Villager (Male) |
| 24:07 | Create | Villager (Male) |
| 24:08 | Create | Villager (Male) |
| 24:16 | Create | Villager (Male) |
| 24:41 | Create | Villager (Male) |
| 24:43 | Create | Villager (Male) |
| 24:57 | Build | Mining Camp |
| 25:05 | Research | Gold Mining |
| 25:30 | Build | House |
| 25:32 | Build | House |
| 25:33 | Build | House |
| 25:35 | Build | House |
| 25:36 | Build | House |
| 25:38 | Build | House |
| 26:30 | Research | Horse Collar |
| 26:38 | Create | Villager (Male) |
| 26:39 | Create | Villager (Male) |
| 26:39 | Create | Villager (Male) |
| 26:39 | Create | Villager (Male) |
| 26:40 | Create | Villager (Male) |
| 26:40 | Create | Villager (Male) |
| 27:02 | Build | Farm |
| 27:11 | Build | Farm |
| 27:20 | Build | Farm |
| 27:23 | Build | Farm |
| 27:51 | Research | Stone Mining |
| 27:57 | Build | Farm |
| 28:01 | Build | Farm |
| 28:11 | Build | Farm |
| 28:13 | Build | Farm |
| 28:15 | Build | Farm |
| 28:39 | Build | House |
| 28:40 | Build | House |
| 28:45 | Build | House |
| 29:00 | Create | Villager (Male) |
| 29:22 | Research | Castle Age |
| 29:54 | Build | Siege Workshop |
| 29:59 | Build | Barracks |
| 30:49 | Build | House |
| 30:50 | Build | House |
| 30:52 | Build | House |
| 31:13 | Create | Villager (Male) |
| 31:13 | Create | Villager (Male) |
| 31:14 | Create | Villager (Male) |
| 31:14 | Create | Villager (Male) |
| 31:14 | Create | Villager (Male) |
| 31:16 | Create | Villager (Male) |
| 31:16 | Create | Villager (Male) |
| 31:16 | Create | Villager (Male) |
| 31:17 | Create | Villager (Male) |
| 31:17 | Create | Villager (Male) |
| 31:42 | Create | Villager (Male) |
| 31:42 | Create | Villager (Male) |
| 31:42 | Create | Villager (Male) |
| 31:43 | Create | Villager (Male) |
| 31:43 | Create | Villager (Male) |
| 32:13 | Age | Castle Age |
| 32:35 | Build | Monastery |
| 32:53 | Build | University |
| 33:03 | Build | House |
| 33:05 | Build | House |
| 33:36 | Create | Monk |
| 33:53 | Research | Hand Cart |
| 33:57 | Research | Hand Cart |
| 34:05 | Create | Villager (Male) |
| 34:05 | Create | Villager (Male) |
| 34:06 | Create | Villager (Male) |
| 34:30 | Research | Murder Holes |
| 34:50 | Build | Castle |
| 35:16 | Build | Mining Camp |
| 35:25 | Create | Villager (Male) |
| 35:25 | Create | Villager (Male) |
| 35:25 | Create | Villager (Male) |
| 35:34 | Create | Villager (Male) |
| 35:34 | Create | Villager (Male) |
| 35:35 | Create | Villager (Male) |
| 35:35 | Create | Villager (Male) |
| 35:35 | Create | Villager (Male) |
| 35:36 | Create | Villager (Male) |
| 35:36 | Create | Villager (Male) |
| 35:36 | Create | Villager (Male) |
| 35:36 | Create | Villager (Male) |
| 35:37 | Create | Villager (Male) |
| 36:43 | Build | Farm |
| 36:47 | Build | Farm |
| 36:49 | Research | Heavy Plow |
| 36:52 | Research | Bow Saw |
Match timeline
| 0:20 | Mr.Satan · wall_segment Palisade Wall x11 |
| 0:24 | Mr.Satan · wall_segment Palisade Wall x9 |
| 0:37 | Franko Popescu · wall_segment Palisade Wall x21 |
| 0:51 | KOSOVAR · wall_segment Palisade Wall x21 |
| 1:31 | GODFRICH · wall_segment Palisade Wall x8 |
| 1:48 | Fake Chimono · wall_segment Palisade Wall x11 |
| 2:53 | GODFRICH · wall_segment Palisade Wall x12 |
| 3:36 | Franko Popescu · wall_segment Palisade Wall x22 |
| 4:53 | GODFRICH · wall_segment Palisade Wall x6 |
| 5:15 | Franko Popescu · wall_segment Palisade Wall x22 |
| 7:19 | jotaramong · wall_segment Palisade Wall x34 |
| 8:15 | GODFRICH · first_building Barracks |
| 10:19 | 我的最爱叫婷婷 · first_building Barracks |
| 10:31 | Mr.Satan · first_building Dock |
| 11:26 | GODFRICH · age_up feudal |
| 11:51 | Bleed · age_up feudal |
| 12:02 | GODFRICH · wall_segment Stone Wall x9 |
| 13:18 | Fake Chimono · first_building Dock |
| 13:26 | 我的最爱叫婷婷 · age_up feudal |
| 13:52 | Mr.Satan · age_up feudal |
| 14:18 | jotaramong · age_up feudal |
| 14:25 | Mr.Satan · first_building Barracks |
| 14:32 | 我的最爱叫婷婷 · first_building Stable |
| 15:03 | GODFRICH · wall_segment Stone Wall x11 |
| 15:44 | GODFRICH · first_building Stable |
| 16:10 | KOSOVAR · age_up feudal |
| 16:23 | Mr.Satan · wall_segment Stone Wall x12 |
| 16:30 | Mr.Satan · wall_segment Stone Wall x11 |
| 16:42 | KOSOVAR · wall_segment Stone Wall x35 |
| 17:11 | Fake Chimono · wall_segment Stone Wall x9 |
| 17:17 | Fake Chimono · wall_segment Stone Wall x3 |
| 18:09 | Bleed · first_building Barracks |
| 18:23 | Franko Popescu · age_up feudal |
| 19:36 | GODFRICH · wall_segment Stone Wall x8 |
| 19:42 | Fake Chimono · wall_segment Stone Wall x22 |
| 20:37 | GODFRICH · first_market_buy 100 food |
| 21:14 | 我的最爱叫婷婷 · age_up castle |
| 22:19 | Bleed · first_building Stable |
| 22:28 | GODFRICH · first_building Archery Range |
| 22:57 | Bleed · age_up castle |
| 23:09 | Bleed · first_building Castle |
| 23:22 | KOSOVAR · first_market_sell 100 food |
| 23:37 | Mr.Satan · age_up castle |
| 23:39 | GODFRICH · age_up castle |
| 24:26 | Franko Popescu · age_up castle |
| 25:05 | Franko Popescu · first_market_sell 100 food |
| 25:07 | Franko Popescu · first_market_buy 100 stone |
| 25:20 | 我的最爱叫婷婷 · first_building Castle |
| 25:30 | 我的最爱叫婷婷 · first_building Dock |
| 27:08 | KOSOVAR · first_building Barracks |
| 27:20 | Bleed · first_building Monastery |
| 27:21 | GODFRICH · first_building Monastery |
| 27:26 | Fake Chimono · first_building Monastery |
| 27:33 | KOSOVAR · age_up castle |
| 28:03 | Franko Popescu · first_building Monastery |
| 28:10 | KOSOVAR · first_building Castle |
| 28:19 | KOSOVAR · first_building Stable |
| 28:41 | GODFRICH · first_building Castle |
| 28:53 | Fake Chimono · first_building Castle |
| 29:13 | jotaramong · first_market_sell 100 wood |
| 29:16 | jotaramong · first_market_buy 100 food |
| 29:22 | KOSOVAR · first_building Siege Workshop |
| 29:54 | jotaramong · first_building Siege Workshop |
| 29:59 | jotaramong · first_building Barracks |
| 30:22 | Bleed · first_market_buy 100 food |
| 30:34 | Mr.Satan · first_market_buy 100 stone |
| 30:42 | Mr.Satan · first_building Castle |
| 31:07 | Bleed · first_building Siege Workshop |
| 31:18 | GODFRICH · first_building Siege Workshop |
| 31:37 | 我的最爱叫婷婷 · age_up imperial |
| 31:39 | Bleed · first_building Dock |
| 31:42 | Mr.Satan · first_building Monastery |
| 31:43 | KOSOVAR · first_building Monastery |
| 31:47 | Fake Chimono · wall_segment Stone Wall x9 |
| 31:53 | Fake Chimono · wall_segment Stone Wall x5 |
| 32:13 | jotaramong · age_up castle |
| 32:35 | jotaramong · first_building Monastery |
| 33:46 | Bleed · age_up imperial |
| 34:22 | Fake Chimono · wall_segment Stone Wall x19 |
| 34:42 | Fake Chimono · wall_segment Stone Wall x13 |
| 34:50 | jotaramong · first_building Castle |
| 35:29 | 我的最爱叫婷婷 · first_building Siege Workshop |
| 36:49 | Mr.Satan · first_market_sell 100 wood |
| 37:32 | Mr.Satan · first_building Siege Workshop |
| 37:40 | Fake Chimono · first_building Barracks |
| 37:56 | jotaramong · first_building Stable |
| 38:03 | Franko Popescu · age_up imperial |
| 38:19 | Franko Popescu · first_building Castle |
| 39:24 | KOSOVAR · age_up imperial |
| 39:52 | Fake Chimono · first_building Archery Range |
| 40:00 | Fake Chimono · first_building Stable |
| 40:06 | 我的最爱叫婷婷 · first_building Monastery |
| 40:50 | Mr.Satan · age_up imperial |
| 40:54 | Franko Popescu · first_building Siege Workshop |
| 43:16 | jotaramong · age_up imperial |
| 44:08 | Fake Chimono · wall_segment Stone Wall x8 |
| 44:29 | Bleed · first_building Archery Range |
| 45:11 | Franko Popescu · first_building Barracks |
| 48:13 | Franko Popescu · first_building Stable |
| 50:34 | GODFRICH · age_up imperial |
| 54:40 | GODFRICH · wall_segment Stone Wall x11 |
| 55:07 | Bleed · wall_segment Stone Wall x14 |
| 55:21 | 我的最爱叫婷婷 · wall_segment Stone Wall x16 |
| 56:13 | GODFRICH · wall_segment Stone Wall x14 |
| 56:55 | Bleed · wall_segment Stone Wall x9 |
| 58:22 | GODFRICH · resign |
| 58:34 | Bleed · wall_segment Stone Wall x9 |
| 61:29 | Bleed · wall_segment Stone Wall x1 |
| 61:57 | Bleed · wall_segment Stone Wall x5 |
| 62:19 | Bleed · wall_segment Stone Wall x1 |
| 62:22 | Bleed · wall_segment Stone Wall x1 |
| 63:00 | KOSOVAR · first_building Archery Range |
[ AI ANALYSIS · 1 CREDIT ]
What really happened in this match?
Wolo.gg analyzes every decision: build order, eco, micro, common mistakes by bracket. Personalized analysis on WhatsApp or Discord in 30 seconds.
Civ guide
Italians
Perfil
Jugador #24424701